 Dungeon Crawl Stone Soup version 0.30-a0-824-g6c64550be9 (webtiles) character file.

Game seed: 9331076736442848257

4 Mickster the Sneak (level 1, 0/16 HPs)
             Began as a Demigod Wanderer on Feb 28, 2023.
             Constricted to death by a ball python (1 damage)
             ... on level 1 of the Dungeon.
             The game lasted 00:01:37 (107 turns).

Mickster the Sneak (Demigod Wanderer)                Turns: 107, Time: 00:01:37

Health: 0/16       AC:  2    Str: 11    XL:     1   Next: 40%
Magic:  4/4        EV:  8    Int: 13    God:
Gold:   18         SH:  0    Dex: 16    Spells: 1/2 levels left

rFire   . . .      SeeInvis .    g - +0 club
rCold   . . .      Faith    .    (no shield)
rNeg    . . .      Spirit   .    f - +0 robe
rPois   .          Reflect  .    (no helmet)
rElec   .          Harm     .    (no cloak)
rCorr   .          Rampage  .    (no gloves)
Will    .....                    (no boots)
Stlth   +++                      (no amulet)
HPRegen 0.22/turn                (no ring)
MPRegen 0.09/turn                (no ring)

@: constricted
A: high MP 1, forlorn, divine attributes
a: no special abilities


You were on level 1 of the Dungeon.
You visited 1 branch of the dungeon, and saw 1 of its levels.

You collected 18 gold pieces.

Inventory:

Hand Weapons
 a - a +0 dagger
 g - a +0 club (weapon)
Missiles
 b - an atropa-tipped dart
 c - 2 datura-tipped darts (quivered)
Armour
 f - a +0 robe (worn)
Wands
 d - a wand of flame (5)
Scrolls
 e - a scroll of fear


   Skills:
 + Level 1.0 Fighting
 + Level 3.8 Stealth
 + Level 1.0 Spellcasting
 + Level 1.7 Conjurations
 + Level 1.8 Evocations


You had one spell level left.
You knew the following spells:

 Your Spells              Type           Power      Damage    Failure   Level
a - Shock                 Conj/Air       8%         1d3       21%         1

Your spell library contained the following spells:

 Spells                   Type           Power      Damage    Failure   Level
 Stone Arrow              Conj/Erth      4%         3d7       52%         3


Dungeon Overview and Level Annotations

Branches:
Dungeon (1/15)


Innate Abilities, Weirdness & Mutations

You have an increased reservoir of magic. (+10% MP)
You shall have no god before yourself.
Your divine heritage dramatically boosts your attributes as you level up.


Message History

The kobold is moderately wounded.
The kobold hits you with a +0 dagger.
* * * LOW HITPOINT WARNING * * *
The giant cockroach closely misses you. The kobold barely misses you.
You hit the kobold.
You kill the kobold!
The giant cockroach bites you but does no damage. x2
You hit the giant cockroach.
The giant cockroach is severely wounded.
The giant cockroach waves its antennae.
The giant cockroach barely misses you. x2
You hit the giant cockroach but do no damage.
The giant cockroach is severely wounded.
The giant cockroach bites you but does no damage.
You hit the giant cockroach but do no damage.
The giant cockroach is severely wounded.
The giant cockroach barely misses you. The giant cockroach closely misses you.
You barely miss the giant cockroach.
The giant cockroach is severely wounded.
The giant cockroach bites you but does no damage.
You hit the giant cockroach but do no damage.
The giant cockroach is severely wounded.
The giant cockroach bites you but does no damage.
The giant cockroach bites you.
* * * LOW HITPOINT WARNING * * *
The ball python hisses angrily.
You hit the giant cockroach.
You kill the giant cockroach!
A ball python comes into view.
You see here a giant cockroach corpse.
Things that are here:
a rat corpse; a bat corpse The ball python misses you.
The ball python grabs you. The ball python constricts you.
* * * LOW HITPOINT WARNING * * *
Things that are here:
a +0 dagger; a stone You closely miss the ball python.
The ball python barely misses you. The ball python constricts you.
You die...

...### ####.........##
.....## ..............##
##....## ...............#
.......# ................
.......# ................
###....# .........!......
###..# ................
#.#####.#...††.......
###....##.####@S.......
###......##....#.#.......
.......#...###.#.##.S....
.......###........#......
##....##.............?...
.....###########.##......
...### #.# ...... ####
#.# .... ### ...


You could see 2 ball pythons.

Vanquished Creatures
  A bat (D:1)
  A giant cockroach (D:1)
  A kobold (D:1)
  A rat (D:1)
4 creatures vanquished.

Notes
Turn   | Place    | Note
-------+----------+-------------------------------------------
     0 | D:1      | Mickster the Demigod Wanderer began the quest for the Orb.
     0 | D:1      | Mickster set off with the following items: a +0 dagger, an
                  | atropa-tipped dart, 2 datura-tipped darts, a wand of flame
                  | (5), a scroll of fear, a +0 robe; and the following spell
                  | memorised: Shock; and the following spells available to
                  | memorise: Stone Arrow.
     0 | D:1      | Reached XP level 1. HP: 16/16 MP: 4/4
   107 | D:1      | Constricted to death by a ball python

Illustrated notes

Levels and vault maps discovered:
D:1:      minmay_arrival_loop, layout_rooms

Action                     || total
---------------------------++-------
  Melee: Club              ||    17
 Armour: Robe              ||    13
  Dodge: Dodged            ||    16

Table legend: (Time is in decaauts)
 A = Elapsed time spent in this place.
 B = Non-inter-level travel time spent in this place.
 C = Inter-level travel time spent in this place.
 D = Time resting spent in this place.
 E = Time spent auto-exploring this place.
 F = Levels seen in this place.
 G = Mean time per level.
                   A        B        C        D        E       F      G
               +--------+--------+--------+--------+--------+-----+--------+
         Total |    111 |    111 |      0 |      0 |      0 |   1 |  111.0 |
       Dungeon |    111 |    111 |      0 |      0 |      0 |   1 |  111.0 |
               +--------+--------+--------+--------+--------+-----+--------+

Top non-repeatable levels by time:
     D:1: 111 daAuts
